[Event "*** SCC Grand Prix: Titled Tuesday Blitz"]
[Site "Chess.com"]
[Date "2020.07.07"]
[Round "8"]
[White "killer311"]
[Black "YPradafah"]
[Result "0-1"]
[WhiteElo "2380"]
[BlackElo "2518"]
[TimeControl "180+1"]
[EndTime "11:36:32 PDT"]
[Termination "YPradafah won by checkmate"]

1. d4 Nf6 2. c4 g6 3. g3 Bg7 4. Bg2 O-O 5. Nf3 d6 6. Nc3 c6 7.
O-O a5 8. e4 Na6 9. Qe2 Bg4 10.
h3 Bxf3 11. Bxf3 Nc7 12. e5 Nd7 13. exd6 exd6 14. Bf4 Ne6 15. Bxd6 Nxd4 16. Qd1 Re8 17. Bg2 Nb6 18. c5 Nc4 19. Ne4 Nxb2 20. Qb1 a4 21.
a3 Nc4 22. Qxb7 f5 23. Qb4 Na5 24. Nd2 Nc2 25. Qxa4 Nxa1 26. Nc4 N1b3 27. Nb6 Ra6 28. Rd1 Rxb6 29. cxb6 Qxb6 30. Bb4 Kh8 31. Rb1 Nd2 32. Rd1 Nac4 33. Bxd2 Nb2 34. Qc2 Nxd1 35. Qxd1 Qd4 36. Qc2 Rd8 37. Be3 Qd1+ 38. Qxd1 Rxd1+ 39. Kh2 Ra1 40. Bc5 Bb2 41. Bxc6 Kg7 42. Kg2 Rc1 43. Bb4 Rxc6 44.
Kf3 Bc3 45. Be7 Re6 46. Bd8 Ra6 47. Bc7 Rxa3 48. Kg2 Ra2 49. Bd6 Bd4 50. Kf3 Rxf2# 0-1

[Event "*** SCC Grand Prix: Titled Tuesday Blitz"]
[Site "Chess.com"]
[Date "2020.07.07"]
[Round "8"]
[White "Morshynska"]
[Black "anon569"]
[Result "0-1"]
[WhiteElo "2174"]
[BlackElo "2343"]
[TimeControl "180+1"]
[EndTime "11:36:32 PDT"]
[Termination "anon569 won on time"]

1. e4 c5 2. Nf3 d6 3. Bb5+ Bd7 4. a4 g6 5. O-O Bg7 6. d4 cxd4 7. Nxd4 Nc6 8. Be3 Nf6 9. Nc3 O-O 10. f3 a6 11. Bc4 Rc8 12. Bb3 Na5 13. Qd2 Nc4 14. Bxc4 Rxc4 15. a5 Qc8 16. Rfd1 Rd8 17. Nde2 Be6 18.
Nd4 Nd7 19. Nce2 Re8 20. b3 Rc7 21. c4 Ne5 22. Nxe6 fxe6 23. Rac1 Rf8 24. Nd4 Qd7 25. Bh6 Rcc8 26. Bxg7 Kxg7 27. Nc2 Qe8 28. Rf1 Nc6 29. Qc3+ e5 30. b4 Qd8 31. f4 Kg8 32. f5 Rf6 33.
Ne3 Nd4 34. Rf2 Qd7 35. Rcf1 Rcf8 36. Nd5 R6f7 37. g4 e6 0-1

[Event "*** SCC Grand Prix: Titled Tuesday Blitz"]
[Site "Chess.com"]
[Date "2020.07.07"]
[Round "8"]
[White "Skatchkov_V"]
[Black "malandragem"]
[Result "1-0"]
[WhiteElo "2543"]
[BlackElo "2392"]
[TimeControl "180+1"]
[EndTime "11:36:33 PDT"]
[Termination "Skatchkov_V won by checkmate"]

1. d4 Nf6 2. c4 g6 3. Nf3 Bg7 4.
g3 d6 5. Bg2 O-O 6. O-O Nc6 7.
Nc3 e5 8. dxe5 dxe5 9. Bg5 Be6 10. Qa4 Qc8 11. Nd2 Nd7 12. Nd5 f6 13. Be3 Kh8 14.
Rad1 f5 15. Nf3 h6 16. b4 e4 17. Nd4 Nb6 18. Qb3 Bf7 19. b5 Ne5 20. Rc1 Ng4 21. Rfd1 g5 22. Ne7 Qe8 23. Nexf5 Nxe3 24. Qxe3 Nxc4 25.
Qxe4 Qxe4 26. Bxe4 Na5 27. Nxg7 Kxg7 28. Nf5+ Kf6 29. Nxh6 Bxa2 30. Rxc7 Rad8 31. Ng4+ Ke6 32. Rxd8 Rxd8 33. Rg7 Rd1+ 34. Kg2 Nc4 35. Rxg5 Nd2 36. Bxb7 Bc4 37. Bc6 Bxe2 38. Re5+ Kd6 39. Rxe2 a6 40. Ne3 Rg1+ 41. Kxg1 Nf3+ 42. Bxf3 axb5 43. h4 b4 44. h5 b3 45. Rb2 Ke5 46. Rxb3 Kd4 47. h6 Ke5 48. h7 Kd6 49. h8=Q Ke7 50. Rb7+ Kd6 51. Qf6+ Kc5 52. Qc6+ Kd4 53. Rd7+ Ke5 54. Rd5# 1-0

[Event "*** SCC Grand Prix: Titled Tuesday Blitz"]
[Site "Chess.com"]
[Date "2020.07.07"]
[Round "8"]
[White "mr65"]
[Black "Belka1989"]
[Result "0-1"]
[WhiteElo "2100"]
[BlackElo "2273"]
[TimeControl "180+1"]
[EndTime "11:36:33 PDT"]
[Termination "Belka1989 won by checkmate"]

1. e4 e5 2. Nf3 Nc6 3. Bb5 a6 4. Ba4 f5 5. d4 fxe4 6. Nxe5 Nf6 7. O-O Bd6 8. f4 exf3 9. Rxf3 Nxe5 10. dxe5 Bxe5 11.
Re3 Qe7 12. c3 O-O 13. Qe2 d6 14. Nd2 Bg4 15. Nf3 Nh5 16. Qc4+ Be6 17. Qe4 b5 18. Nxe5 dxe5 19. Qxe5 Bc4 20. Bd2 Qxe5 21. Rxe5 bxa4 22. Rxh5 Rab8 23. b3 axb3 24. axb3 Rxb3 25. Rc5 Bb5 26. Rxc7 Rb2 27. Bf4 Rxf4 28. Re1 h6 29. h3 Rff2 30.
Kh1 Rxg2 31. c4 Rh2+ 32. Kg1 Ba4 33. Ree7 Rbg2+ 34. Kf1 Bb3 35. Rc8+ Kh7 36. Rcc7 a5 37. h4 a4 38. h5 Bc2 39. Ke1 Rh1# 0-1

[Event "*** SCC Grand Prix: Titled Tuesday Blitz"]
[Site "Chess.com"]
[Date "2020.07.07"]
[Round "8"]
[White "GMKrikor"]
[Black "Flawless_Fighter"]
[Result "1-0"]
[WhiteElo "2688"]
[BlackElo "2572"]
[TimeControl "180+1"]
[EndTime "11:36:34 PDT"]
[Termination "GMKrikor won by checkmate"]

1. e4 c6 2. d4 d5 3. Nc3 dxe4 4.
Nxe4 Bf5 5. Ng3 Bg6 6. h4 h6 7. Nf3 Nd7 8. h5 Bh7 9. Bd3 Bxd3 10. Qxd3 e6 11. Bd2 Ngf6 12. O-O-O Be7 13. Kb1 Qb6 14. Ne4 Rd8 15. Qe2 Nxe4 16. Qxe4 Nf6 17. Qe2 c5 18. c3 cxd4 19. Nxd4 O-O 20. g4 Nd5 21. f4 Bf6 22. Nb3 a5 23. Qe4 Qc6 24. Rhe1 a4 25. Nd4 Qb6 26.
g5 Bxd4 27. cxd4 a3 28. b3 Ne7 29. Be3 Nf5 30. gxh6 gxh6 31. d5 Nxe3 32. Rxe3 exd5 33.
Rg3+ Kh8 34. Qe5+ f6 35. Qe7 Rg8 36. Rg6 f5 37. Rxb6 Rg7 38. Rxh6+ Kg8 39. Qxd8+ Kf7 40. Rf6# 1-0

[Event "*** SCC Grand Prix: Titled Tuesday Blitz"]
[Site "Chess.com"]
[Date "2020.07.07"]
[Round "8"]
[White "QuintilianoR"]
[Black "Korona_91"]
[Result "0-1"]
[WhiteElo "2644"]
[BlackElo "2492"]
[TimeControl "180+1"]
[EndTime "11:36:35 PDT"]
[Termination "Korona_91 won on time"]

1. d4 g6 2. c4 Bg7 3. Nc3 d6 4. e4 e5 5. d5 f5 6. exf5 Bxf5 7.
Bd3 Ne7 8. Nge2 O-O 9. O-O Nd7 10. Ng3 Bxd3 11. Qxd3 Nc5 12. Qd1 a5 13. Nce4 Nxe4 14.
Nxe4 Nf5 15. Be3 b6 16. Qd3 h6 17. Rae1 Kh7 18. Bd2 Qh4 19. f4 Rae8 20. Rf3 exf4 21. Rxf4 Qd8 22. Bc3 Bxc3 23. Qxc3 Re5 24. g4 Nh4 25.
Rxf8 Qxf8 26. Rf1 Qe7 27. Nf6+ Kg7 28. Qg3 g5 29. Qf2 Re2 30. Nh5+ Kg8 31. Nf6+ Kh8 32.
Qd4 Qe3+ 33. Qxe3 Rxe3 34. Nh5 Kg8 35. Rf6 Re2 36. Rxh6 Nf3+ 37. Kf1 Rxb2 38. Rf6 Nxh2+ 39. Ke1 Nxg4 40. Rg6+ Kf7 41. Rxg5 Ne3 42. Nf4 Nxc4 43. Ne6 Ne3 44. Rg7+ Kf6 45. Rxc7 Nxd5 0-1

[Event "*** SCC Grand Prix: Titled Tuesday Blitz"]
[Site "Chess.com"]
[Date "2020.07.07"]
[Round "8"]
[White "mbojan"]
[Black "ErikRonka"]
[Result "1-0"]
[WhiteElo "2546"]
[BlackElo "2394"]
[TimeControl "180+1"]
[EndTime "11:36:35 PDT"]
[Termination "mbojan won by checkmate"]

1. e4 c6 2. d4 d5 3. Nc3 dxe4 4. Nxe4 Bf5 5. Ng3 Bg6 6. Nf3 Nd7 7. h4 h6 8. h5 Bh7 9. Bd3 Bxd3 10. Qxd3 e6 11. Bd2 Qc7 12. O-O-O Ngf6 13. Kb1 O-O-O 14. Ne4 Nxe4 15.
Qxe4 Bd6 16. c4 c5 17. Bc3 Nf6 18. Qe2 cxd4 19. Nxd4 a6 20. Nf3 Qc6 21. Rh4 Rd7 22. Bxf6 gxf6 23. Qe4 Qc5 24. Qd4 Qf5+ 25. Qd3 Qxd3+ 26.
Rxd3 Bc5 27. Rxd7 Kxd7 28. Rf4 f5 29. Nd2 Rg8 30. g3 Rg5 31. a3 Rxh5 32. b4 Bd6 33. Rd4 Kc7 34. c5 Be5 35. Rd3 f4 36. g4 Rh1+ 37. Kc2 h5 38. gxh5 Rxh5 39. Nc4 Bf6 40.
Nb6 e5 41. Rd7+ Kc6 42. Rxf7 Bd8 43. Kd3 Bxb6 44. Rf6+ Kd5 45. Rd6# 1-0

[Event "*** SCC Grand Prix: Titled Tuesday Blitz"]
[Site "Chess.com"]
[Date "2020.07.07"]
[Round "8"]
[White "olksuna"]
[Black "Dyadya81"]
[Result "1-0"]
[WhiteElo "2634"]
[BlackElo "2733"]
[TimeControl "180+1"]
[EndTime "11:36:36 PDT"]
[Termination "olksuna won on time"]

1. Nf3 d5 2. g3 Nc6 3. d4 Bg4 4.
Bg2 Qd7 5. O-O O-O-O 6. c4 dxc4 7. Qa4 Kb8 8. Qxc4 Nxd4 9. Nxd4 Qxd4 10. Qxf7 Bxe2 11. Re1 Nf6 12. Qb3 Ba6 13. Nc3 Ng4 14. Be3 Nxe3 15. Rxe3 Qb6 16. Rd1 Rxd1+ 17. Qxd1 Qd6 18.
Qe1 g6 19. Re6 Qb4 20. Qe5 Rg8 21. Rxa6 Bg7 22. Qd5 Rf8 23. Re6 Qxb2 24. Ne2 c6 25. Qe4 Qb6 26. Qe3 Bf6 27. h4 Kc7 28. Qf4+ Kd8 29.
Qd2+ Kc8 30. Re3 Rd8 31. Qc2 Kb8 32. Kh2 Qa5 33. Rd3 Rxd3 34. Qxd3 Kc7 35. a3 Qe5 36. Nf4 Qd6 37. Qe4 Qxa3 38. Ne6+ Kb6 39. Nf8 1-0

[Event "*** SCC Grand Prix: Titled Tuesday Blitz"]
[Site "Chess.com"]
[Date "2020.07.07"]
[Round "8"]
[White "Harry_Rakkel"]
[Black "Region_07"]
[Result "1-0"]
[WhiteElo "2549"]
[BlackElo "2352"]
[TimeControl "180+1"]
[EndTime "11:36:36 PDT"]
[Termination "Harry_Rakkel won on time"]

1. d4 f5 2. g3 Nf6 3. Bg2 g6 4. Nf3 Bg7 5. O-O O-O 6. c4 d6 7. Nc3 c6 8. b3 e5 9. dxe5 dxe5 10. Ba3 Qxd1 11. Raxd1 Re8 12. e4 Nbd7 13. exf5 gxf5 14. Nh4 Nf8 15. Bh3 Ng4 16. Bxg4 fxg4 17. Ne4 Ne6 18. Nd6 Rd8 19. Nhf5 Bf8 20. Bb2 Nd4 21. Bxd4 Bxd6 22. Bxe5 Bxf5 23. Bxd6 Re8 24. Rfe1 Kf7 25. Bc5 Rxe1+ 26. Rxe1 Re8 27. Be3 a6 28. Rd1 Be6 29. Kf1 Bf5 30. Ke1 Be4 31. Rd4 Bf3 32. Kd2 Ke7 33.
Kc3 Ke6 34. Kb4 b6 35. c5 a5+ 36. Ka3 b5 37. Rd6+ Kf7 38. Rh6 Be4 39. h3 1-0

[Event "*** SCC Grand Prix: Titled Tuesday Blitz"]
[Site "Chess.com"]
[Date "2020.07.07"]
[Round "8"]
[White "Ariadna_Atreides"]
[Black "marabu44"]
[Result "0-1"]
[WhiteElo "2072"]
[BlackElo "2243"]
[TimeControl "180+1"]
[EndTime "11:36:36 PDT"]
[Termination "marabu44 won on time"]

1. d4 d5 2. Nf3 e6 3. e3 c5 4. Bd3 cxd4 5. exd4 Nc6 6. c3 Nf6 7. Nbd2 Bd6 8. O-O O-O 9. Re1 Qc7 10. Qe2 Ne7 11.
Ne5 Ng6 12. Ndf3 a6 13. Nxg6 hxg6 14. a4 Re8 15. Ne5 Bxe5 16. dxe5 Nd7 17. f4 Nc5 18. Bc2 b6 19. Be3 Bb7 20. Bd4 Rab8 21. Qg4 Ne4 22. Re3 Ba8 23. Rae1 b5 24. axb5 axb5 25. b4 Rbc8 26. Rh3 Qe7 27. Bxe4 dxe4 28. Rh4 Qd7 29. Qh3 Kf8 30. Rh8+ Ke7 31. Qh4+ f6 32. exf6+ Kd6 33. fxg7 Rg8 34. Rxg8 Rxg8 35. Qh7 Qf7 36. Rd1 Kc7 37. Be5+ Kc8 38. Ra1 Bb7 39. Ra5 Bc6 40. Ra6 Kb7 41. Ra5 e3 42. Ra2 Qf5 43. h3 Qb1+ 44.
Kh2 Qxa2 0-1

[Event "*** SCC Grand Prix: Titled Tuesday Blitz"]
[Site "Chess.com"]
[Date "2020.07.07"]
[Round "8"]
[White "Grandelicious"]
[Black "Rodalquilar"]
[Result "1/2-1/2"]
[WhiteElo "2782"]
[BlackElo "2631"]
[TimeControl "180+1"]
[EndTime "11:36:37 PDT"]
[Termination "Game drawn by repetition"]

1. d4 d5 2. c4 e6 3. Nc3 a6 4. cxd5 exd5 5. Bf4 Nf6 6. e3 Bd6 7. Bg5 Be6 8. Bd3 Nbd7 9. Nge2 c6 10. Nf4 Qc7 11. Qc2 O-O-O 12. O-O-O h6 13. Nxe6 fxe6 14. Bh4 g5 15. Bg3 e5 16. Kb1 e4 17. Be2 Rde8 18.
Rc1 h5 19. b4 Kb8 20. Qb3 h4 21. Bxd6 Qxd6 22. a4 b5 23. axb5 axb5 24. Qa3 Kb7 25.
Bxb5 Ra8 26. Ba4 Nb6 27. Qb3 Nc4 28. Kc2 Ng4 29. Rhf1 Nxh2 30. b5 Rhb8 31. bxc6+ Kc7 32. Nb5+ Rxb5 33. Bxb5 Ra3 34. Qb1 Nxf1 35. Bxc4 Qxc6 36. Qb4 Qxc4+ 37. Kb1 Nd2+ 38. Qxd2 Rb3+ 39. Ka1 Ra3+ 40. Kb1 Rb3+ 41. Ka1 Ra3+ 42. Kb1 1/2-1/2

[Event "*** SCC Grand Prix: Titled Tuesday Blitz"]
[Site "Chess.com"]
[Date "2020.07.07"]
[Round "8"]
[White "K-Nygren"]
[Black "hectorfiori"]
[Result "1-0"]
[WhiteElo "2462"]
[BlackElo "2324"]
[TimeControl "180+1"]
[EndTime "11:36:37 PDT"]
[Termination "K-Nygren won by resignation"]

1. e4 c5 2. Nf3 e6 3. d4 cxd4 4. Nxd4 Nf6 5. Nc3 Bb4 6. e5 Ne4 7. Qf3 d5 8. Bb5+ Bd7 9. O-O Bxc3 10. bxc3 Bxb5 11. Nxb5 a6 12. Nd6+ Nxd6 13. exd6 Qxd6 14. Rb1 b5 15. Bf4 Qe7 16. Rfe1 Nc6 17. c4 bxc4 18.
Rb6 Rc8 19. Qg3 O-O 20. Bd6 Qa7 21. Bxf8 Kxf8 22. Qd6+ Ne7 23. Reb1 Qc7 24. Qxc7 Rxc7 25. Rb8+ Nc8 26. R1b7 Rxb7 27. Rxb7 Nd6 28. Rb6 Nb5 29.
Rxa6 Nd4 30. Kf1 Nxc2 31. Ra8+ Ke7 32. Ke2 d4 33. Rc8 c3 34. Kd3 Ne1+ 35. Kxd4 c2 36. a4 Kd7 37. Rc3 f6 38. a5 e5+ 39. Ke3 Nxg2+ 40. Kd2 Nf4 41. a6 Nd5 42. a7 Nb6 43. Rb3 Na8 44. Rb8 Nc7 45. Rb7 1-0

[Event "*** SCC Grand Prix: Titled Tuesday Blitz"]
[Site "Chess.com"]
[Date "2020.07.07"]
[Round "8"]
[White "talaicito"]
[Black "Chessdemon2019"]
[Result "1-0"]
[WhiteElo "2158"]
[BlackElo "2267"]
[TimeControl "180+1"]
[EndTime "11:36:37 PDT"]
[Termination "talaicito won by checkmate"]

1. d4 Nf6 2. Nc3 d5 3. Bf4 Bf5 4. f3 e6 5. g4 Bg6 6. h4 h6 7. e3 Nbd7 8. h5 Bh7 9. Bd3 Bxd3 10. Qxd3 c5 11. Nge2 c4 12. Qd2 a6 13. e4 dxe4 14.
Nxe4 Nxe4 15. fxe4 Nf6 16. O-O-O Nxe4 17. Qe3 Nf6 18. d5 Nxd5 19. Qe4 Be7 20. Nc3 Nxf4 21. Rxd8+ Rxd8 22. Qxb7 Nd5 23. Qc6+ Kf8 24. Nxd5 Bg5+ 25. Kb1 Rxd5 26. Qc8+ Rd8 27. Qc5+ Ke8 28. Qxc4 Ke7 29. Qc5+ Rd6 30. Rd1 Rd8 31. a4 Bf4 32. a5 Ke8 33. Rxd6 Rxd6 34. b4 Kd7 35. Qa7+ Ke8 36. Qb8+ Ke7 37.
Qb7+ Kf6 38. b5 axb5 39. a6 Rd1+ 40. Ka2 Rd4 41. Kb3 Be3 42. Qf3+ Bf4 43. a7 Ra4 44. a8=Q Rxa8 45. Qxa8 Kg5 46. Qf3 e5 47. Kb4 e4 48. Qxe4 Kxg4 49. Qd5 f5 50. Qg2+ Kxh5 51. Qxg7 Bg5 52. Kxb5 f4 53. c4 f3 54. c5 Kg4 55.
c6 f2 56. Qd4+ Kg3 57. Qd3+ Kg2 58. Qe4+ Kh2 59. Qf3 Kg1 60. Qg3+ Kf1 61. c7 Ke1 62. c8=Q Bf4 63. Qe6+ Kf1 64. Qxf4 Kg2 65. Qeg4+ Kh1 66. Qh3+ Kg1 67. Qfg3# 1-0

[Event "*** SCC Grand Prix: Titled Tuesday Blitz"]
[Site "Chess.com"]
[Date "2020.07.07"]
[Round "8"]
[White "chito89"]
[Black "Korchmar_Vasiliy"]
[Result "1-0"]
[WhiteElo "2822"]
[BlackElo "2638"]
[TimeControl "180+1"]
[EndTime "11:36:38 PDT"]
[Termination "chito89 won on time"]

1. e4 c5 2. Nf3 d6 3. g3 Nc6 4. Bg2 g6 5. O-O Bg7 6. c3 e5 7.
d3 Nge7 8. a3 O-O 9. b4 h6 10.
Nbd2 Be6 11. Bb2 b6 12. Re1 Qd7 13. b5 Na5 14. c4 f5 15. exf5 Bxf5 16. Nh4 Bg4 17.
Qc2 Rad8 18. Bc3 Rf7 19. Bxa5 bxa5 20. Be4 Rdf8 21. f3 Bf5 22. Rf1 g5 23. Nxf5 Nxf5 24. Rae1 Nd4 25. Qd1 Kh8 26. Nb3 Nxb3 27. Qxb3 Qh3 28.
Qd1 h5 29. Qe2 g4 30. fxg4 hxg4 31. Rxf7 Rxf7 32. Rf1 Rxf1+ 33. Qxf1 Qh6 34. Bf5 Qe3+ 35. Kg2 Bh6 36. Bxg4 Qd2+ 37. Kh3 Kg7 38. Qf5 Qe1 39. Bh5 1-0

[Event "*** SCC Grand Prix: Titled Tuesday Blitz"]
[Site "Chess.com"]
[Date "2020.07.07"]
[Round "8"]
[White "hongnhung1234"]
[Black "bazar-wokzal"]
[Result "0-1"]
[WhiteElo "2204"]
[BlackElo "2387"]
[TimeControl "180+1"]
[EndTime "11:36:38 PDT"]
[Termination "bazar-wokzal won by checkmate"]

1. e4 c5 2. Nc3 g6 3. f4 Bg7 4. Nf3 Nc6 5. Bc4 d6 6. O-O a6 7.
a4 Nf6 8. d3 O-O 9. Qe1 Nd4 10.
Nxd4 cxd4 11. Nd5 Nd7 12. Qh4 e6 13. Qxd8 Rxd8 14. Ne7+ Kf8 15. Nxc8 Raxc8 16. b4 Ke7 17. f5 gxf5 18. exf5 Bf6 19. fxe6 fxe6 20. g3 Ne5 21.
Bb3 h5 22. Bf4 h4 23. Rae1 Rh8 24. g4 h3 25. g5 Rhg8 26. Kh1 Bxg5 27. Bxe5 dxe5 28.
Rxe5 Rg6 29. Bxe6 Rxe6 30. Rxg5 Rxc2 31. Rg3 Re3 32. Rxe3+ dxe3 33. Re1 Kd6 34. Kg1 Rg2+ 35. Kf1 Rxh2 36. Rxe3 Kd5 37. Rg3 b5 38. axb5 axb5 39.
Kg1 Rg2+ 40. Rxg2 hxg2 41. Kxg2 Kd4 42. Kf2 Kxd3 43. Ke1 Kc3 44. Kd1 Kxb4 45. Kd2 Ka3 46. Kc1 Ka2 47. Kc2 b4 48. Kd3 b3 49. Kc4 b2 50.
Kb4 b1=Q+ 51. Ka4 Qe4+ 52. Ka5 Kb3 53. Ka6 Kb4 54. Ka7 Qe6 55. Kb8 Kc5 56. Ka7 Qe7+ 57. Ka8 Kb6 58. Kb8 Qe8# 0-1

[Event "*** SCC Grand Prix: Titled Tuesday Blitz"]
[Site "Chess.com"]
[Date "2020.07.07"]
[Round "8"]
[White "Cxrjs"]
[Black "aljado"]
[Result "1-0"]
[WhiteElo "2290"]
[BlackElo "2118"]
[TimeControl "180+1"]
[EndTime "11:36:38 PDT"]
[Termination "Cxrjs won by checkmate"]

1. e4 c5 2. Nf3 e6 3. d4 cxd4 4.
Nxd4 a6 5. c4 Qc7 6. Nc3 Nf6 7.
Be2 Nxe4 8. Nxe4 Qe5 9. Qd3 d5 10. cxd5 exd5 11. Nc3 Nc6 12. Nxc6 bxc6 13. O-O Bd6 14.
f4 Qf6 15. Be3 O-O 16. Bd4 Qh6 17. Qg3 c5 18. Be5 Be7 19. Nxd5 Bh4 20. Qc3 Bb7 21. Bc4 Rad8 22. Rad1 Kh8 23. g3 Qg6 24. Kf2 f6 25. Bc7 Rde8 26. gxh4 Qg4 27. Qg3 Qf5 28. Rg1 Qc2+ 29.
Kf3 Bxd5+ 30. Rxd5 Qe4+ 31. Kf2 Qc2+ 32. Kf3 Qe4+ 33. Kg4 Qxc4 34. Kh3 g6 35. Rd7 Qe6+ 36. Qg4 Qe3+ 37. Rg3 f5 38. Rxh7+ Kxh7 39. Qxg6+ Kh8 40. Qg7# 1-0

[Event "*** SCC Grand Prix: Titled Tuesday Blitz"]
[Site "Chess.com"]
[Date "2020.07.07"]
[Round "8"]
[White "RoelandPruijssers"]
[Black "gagtemp"]
[Result "1-0"]
[WhiteElo "2591"]
[BlackElo "1909"]
[TimeControl "180+1"]
[EndTime "11:36:38 PDT"]
[Termination "RoelandPruijssers won on time"]

1. f4 d5 2. Nf3 c5 3. g3 Nc6 4. Bg2 Bg4 5. d3 e6 6. O-O Nf6 7. Nbd2 Be7 8. e4 d4 9. h3 Bxf3 10. Nxf3 O-O 11. Qe2 Rc8 12. a3 a6 13. g4 b5 14. g5 Nd7 15. e5 Nb6 16. h4 c4 17. h5 Nd5 18. Bh3 Qb6 19. g6 Ne3 20. gxf7+ Kh8 21. Bxe3 dxe3 22. Bxe6 cxd3 23. cxd3 Rcd8 24.
Kh1 Bc5 25. Nh4 Nd4 26. Qh2 Qc6+ 27. Kg1 Ne2+ 28. Qxe2 Qxe6 29. Rac1 Qh3 30. Ng2 Bd4 31. Rf3 Qg4 32. f5 Rxf7 33. e6 Re7 34. Rcf1 Qxh5 35. Nf4 Qg5+ 36. Kh1 Qh4+ 37. Rh3 Qg5 38.
Ng6+ Kg8 39. Rh5 1-0

[Event "*** SCC Grand Prix: Titled Tuesday Blitz"]
[Site "Chess.com"]
[Date "2020.07.07"]
[Round "8"]
[White "Forantes"]
[Black "seorobert1971"]
[Result "0-1"]
[WhiteElo "2373"]
[BlackElo "2705"]
[TimeControl "180+1"]
[EndTime "11:36:39 PDT"]
[Termination "seorobert1971 won on time"]

1. Nf3 Nf6 2. g3 g6 3. Bg2 Bg7 4. O-O O-O 5. d4 d6 6. c4 Nc6 7. Nc3 a6 8. e4 Bg4 9. Be3 Nd7 10. h3 Bxf3 11. Bxf3 e5 12. dxe5 dxe5 13. Ne2 Qe7 14. Qb3 Rab8 15. Rad1 Rfd8 16. Rd2 Nc5 17. Qa3 Ne6 18.
Qxe7 Nxe7 19. Rfd1 Nc6 20. Rxd8+ Rxd8 21. Rxd8+ Ncxd8 22. Bg4 h5 23. Bxe6 Nxe6 24. Kf1 Bf8 25. Ke1 Bc5 26. Kd2 Kf8 27. a3 a5 28. Nc3 Ke7 29. Bxc5+ Nxc5 30. b4 axb4 31. axb4 Ne6 32. Nd5+ Kd6 33.
Kd3 c6 34. c5+ Kd7 35. Ne3 Nd8 36. Nc4 Ke6 37. Nd6 b5 38. f4 f5 39. exf5+ gxf5 40. fxe5 Kxe5 41. Ke3 Ne6 42. Nf7+ Kd5 43. Kd3 f4 44. g4 hxg4 45. hxg4 f3 46. Ke3 Kc4 47.
Ne5+ Kxb4 48. Nxc6+ Kxc5 49. Ne5 f2 50. Nd3+ Kc4 51. Nxf2 b4 52. Ne4 Kb3 53. g5 Kc2 54.
g6 b3 0-1

[Event "*** SCC Grand Prix: Titled Tuesday Blitz"]
[Site "Chess.com"]
[Date "2020.07.07"]
[Round "8"]
[White "antoszu"]
[Black "ZiggyStardust64"]
[Result "0-1"]
[WhiteElo "2541"]
[BlackElo "2676"]
[TimeControl "180+1"]
[EndTime "11:36:39 PDT"]
[Termination "ZiggyStardust64 won by resignation"]

1. d4 d5 2. c4 e6 3. Nc3 Nf6 4.
cxd5 exd5 5. Bg5 Bb4 6. e3 h6 7. Bh4 g5 8. Bg3 Ne4 9. Qa4+ Nc6 10. Rc1 Bd7 11. Qc2 h5 12. f3 Nxg3 13. hxg3 Bd6 14. Nge2 Ne7 15. e4 dxe4 16. Nxe4 Nf5 17. Nxd6+ cxd6 18. g4 Nh4 19. Qe4+ Qe7 20. Qxe7+ Kxe7 21. gxh5 Rxh5 22. Kf2 Rhh8 23. g3 Nf5 24. Rxh8 Rxh8 25.
Bg2 a5 26. d5 Kd8 27. f4 f6 28. a3 Re8 29. Nc3 Rg8 30. Ne4 gxf4 31. gxf4 Rg4 32. Nxf6 Rxf4+ 33. Kg1 Nd4 34. Nxd7 Ne2+ 35. Kh2 Nxc1 36.
Nb6 Nd3 37. b3 Rf2 38. Kg3 Rb2 39. Nc4 Rxb3 40. Nxa5 Rc3 41. Kg4 Kc7 42. Kf5 Ne1 43. Be4 Nc2 44. a4 Nd4+ 45. Kf4 Nb3 46. Nxb3 Rxb3 47. a5 Ra3 0-1

[Event "*** SCC Grand Prix: Titled Tuesday Blitz"]
[Site "Chess.com"]
[Date "2020.07.07"]
[Round "8"]
[White "fabianvivasz"]
[Black "AlanTate"]
[Result "1-0"]
[WhiteElo "2241"]
[BlackElo "2134"]
[TimeControl "180+1"]
[EndTime "11:36:39 PDT"]
[Termination "fabianvivasz won on time"]

1. e4 e5 2. Nf3 Nc6 3. d4 exd4 4. Bc4 Nf6 5. e5 d5 6. Bb5 Ne4 7. Nxd4 Bd7 8. Bxc6 bxc6 9. O-O Bc5 10. f3 Ng5 11. f4 Ne4 12. Be3 Bb6 13. Nd2 Nxd2 14.
Qxd2 c5 15. Nf3 d4 16. Bf2 O-O 17. c3 Bc6 18. Bh4 Qd7 19. f5 Qxf5 20. Nxd4 cxd4 21. Rxf5 dxc3+ 22. Qf2 cxb2 23. Rb1 Rab8 24. Rxb2 Bxf2+ 25. Rfxf2 Bd5 26. Rfc2 c6 27. Kf2 h6 28. Ke3 g5 29.
Bg3 Rb6 30. Kd4 Kg7 31. Kc5 Ra6 32. Bf2 Kg6 33. Bd4 Rd8 34. Rf2 Ra5+ 35. Kb4 Rb5+ 36. Ka4 Rxb2 37. Rxb2 Be6 38. Bxa7 Ra8 39. Rb7 Bd5 40.
Rc7 1-0

[Event "*** SCC Grand Prix: Titled Tuesday Blitz"]
[Site "Chess.com"]
[Date "2020.07.07"]
[Round "8"]
[White "ega2006"]
[Black "blitzking1729"]
[Result "0-1"]
[WhiteElo "2352"]
[BlackElo "2542"]
[TimeControl "180+1"]
[EndTime "11:36:40 PDT"]
[Termination "blitzking1729 won by resignation"]

1. e4 e6 2. d4 d5 3. Nd2 Nf6 4. e5 Nfd7 5. f4 c5 6. c3 Nc6 7.
Ndf3 Be7 8. Bd3 O-O 9. Ne2 f5 10. O-O cxd4 11. cxd4 b6 12. Ng5 Ndb8 13. Be3 h6 14. Nf3 Ba6 15. Rc1 Bxd3 16. Qxd3 Na5 17. b3 Nbc6 18. h3 Qd7 19. Qd2 Rac8 20. Ne1 Ba3 21. Rc2 Nb4 22. Rxc8 Rxc8 23. g4 fxg4 24. hxg4 Qf7 25. f5 exf5 26. gxf5 Qh5 27. Ng3 Qg4 28. Qg2 Rc3 29. Rf4 Qd1 30. Bf2 Bc1 31. Rh4 Be3 32.
f6 Qxe1+ 33. Kh2 Qxf2 34. Rg4 Qxg2+ 35. Kxg2 Bg5 36. Nf5 gxf6 37. e6 h5 38. e7 Kf7 39.
Ng7 Rc2+ 40. Kf1 Rc1+ 41. Kg2 Rc8 42. e8=Q+ Rxe8 43. Nxe8 hxg4 44. Nd6+ Ke6 0-1

[Event "*** SCC Grand Prix: Titled Tuesday Blitz"]
[Site "Chess.com"]
[Date "2020.07.07"]
[Round "8"]
[White "pavelalexandru07"]
[Black "chessfrendz"]
[Result "1-0"]
[WhiteElo "2180"]
[BlackElo "2293"]
[TimeControl "180+1"]
[EndTime "11:36:40 PDT"]
[Termination "pavelalexandru07 won on time"]

1. e4 e5 2. Nf3 Nc6 3. Bb5 a6 4. Ba4 Nf6 5. O-O Be7 6. Re1 b5 7. Bb3 O-O 8. c3 d6 9. h3 Na5 10. Bc2 c5 11. d4 Qc7 12. Nbd2 Bd7 13. Bd3 cxd4 14. cxd4 Rfc8 15. Nf1 Nc4 16. Ng3 Be6 17.
b3 Nb6 18. Bb2 exd4 19. Nxd4 Nfd7 20. Ngf5 Bf6 21. Rc1 Qb8 22. Rxc8+ Nxc8 23. Qd2 Qb6 24.
Bf1 Nc5 25. Nxe6 fxe6 26. Nh6+ Kf8 27. Bxf6 gxf6 28. Ng4 Kf7 29. Qh6 Qd8 30. Qxh7+ Ke8 31. Qh8+ Kd7 32. Nxf6+ Kc7 33. Qg7+ Ne7 34. Rc1 Kb6 35.
Qg3 e5 36. Qe3 b4 37. Nd5+ Nxd5 38. exd5 Rc8 39. Bc4 a5 40. g4 Qf6 41. Qg3 Rg8 42. Kg2 Kb7 43. Qe3 Rf8 44. Rf1 1-0

[Event "*** SCC Grand Prix: Titled Tuesday Blitz"]
[Site "Chess.com"]
[Date "2020.07.07"]
[Round "8"]
[White "Oleksandr_Bortnyk"]
[Black "rpragchess"]
[Result "1-0"]
[WhiteElo "2935"]
[BlackElo "2820"]
[TimeControl "180+1"]
[EndTime "11:36:41 PDT"]
[Termination "Oleksandr_Bortnyk won by checkmate"]

1. e4 c5 2. c3 Nf6 3. e5 Nd5 4. d4 cxd4 5. Nf3 d6 6. cxd4 e6 7. Bc4 dxe5 8. Nxe5 Bb4+ 9. Bd2 Bxd2+ 10. Nxd2 O-O 11.
O-O Nc6 12. Ndf3 Nce7 13. Re1 Bd7 14. Rc1 h6 15. a3 Bc6 16. Qd2 Nf6 17. b4 Bd5 18.
Bd3 a6 19. Qf4 Qd6 20. Nd2 Rfd8 21. Re3 Bc6 22. Rg3 Kf8 23. Nb3 Qd5 24. Bb1 Rac8 25.
Re1 b6 26. Ba2 Qd6 27. h3 Bd5 28. Rd3 a5 29. bxa5 bxa5 30. Re2 a4 31. Nc5 Bxa2 32.
Rxa2 Qd5 33. Rad2 Nc6 34. g4 Ke7 35. g5 hxg5 36. Qxg5 Rg8 37. Qf4 Nxe5 38. dxe5 Qxc5 39. exf6+ gxf6+ 40. Kh2 Rc7 41. Re3 Qg5 42. Qd6+ Ke8 43.
Qd8# 1-0

[Event "*** SCC Grand Prix: Titled Tuesday Blitz"]
[Site "Chess.com"]
[Date "2020.07.07"]
[Round "8"]
[White "juniortay"]
[Black "RestartingChess"]
[Result "0-1"]
[WhiteElo "2363"]
[BlackElo "2498"]
[TimeControl "180+1"]
[EndTime "11:36:41 PDT"]
[Termination "RestartingChess won on time"]

1. e4 Nf6 2. e5 Nd5 3. d4 d6 4. Nf3 g6 5. Bc4 Nb6 6. Bb3 Bg7 7. Ng5 O-O 8. e6 f6 9. Nf7 Qe8 10. d5 c6 11. c4 cxd5 12. cxd5 Na6 13. Be3 Qb5 14. Nc3 Qb4 15. h4 Rxf7 16. exf7+ Kxf7 17.
h5 Bg4 18. f3 Bf5 19. g4 Bd7 20. hxg6+ hxg6 21. a3 Qa5 22. Qd4 Nc5 23. Bc2 Nba4 24. b4 Qa6 25. bxc5 Nxc5 26. Kf2 Rc8 27. Rh7 Kg8 28. Rah1 e5 29. dxe6 Nxe6 30. Bb3 Qxa3 31. Bxe6+ Bxe6 32. Nd5 Qa2+ 33. Kg3 Qxd5 34. Qf4 g5 35. Qb4 Qe5+ 36. Bf4 Qxf4+ 37. Qxf4 gxf4+ 38. Kxf4 Rc4+ 39. Kg3 a5 40. R7h5 a4 41. Rb5 Rc3 42. Kf4 a3 43. Rxb7 a2 44. Re1 f5 45. gxf5 Rc4+ 46.
Kg5 Bf7 0-1